[ AOE2 MATCH · #465403411 ]
UnrankedItalians vs Berbers
[ REPLAY ANALYSIS · EXTRACTED FROM THE RECORDED GAME ]
Feudal
9:44
Castle
14:58
Imperial
31:53
| APM avg | 21.3 |
| APM peak | 58 |
| eAPM avg | 14.0 |
| Villagers / military | 143 / 120 |
Focus
⚔️ 31.1% · 🌾 68.9%
Unknown (882) ×89 · Hand Cannoneer ×40 · Spearman ×35 · Bombard Cannon ×19 · Genoese Crossbowman ×15 · Trebuchet (Packed) ×4
Feudal
11:44
Castle
22:49
Imperial
—
| APM avg | 6.9 |
| APM peak | 30 |
| eAPM avg | 4.7 |
| Villagers / military | 42 / 58 |
Focus
⚔️ 33.7% · 🌾 66.3%
Militia ×22 · Spearman ×18 · Eagle Scout ×14 · Battering Ram ×3 · Mangonel ×1
Feudal
11:02
Castle
15:44
Imperial
29:28
| APM avg | 39.3 |
| APM peak | 94 |
| eAPM avg | 28.0 |
| Villagers / military | 162 / 302 |
Focus
⚔️ 40.5% · 🌾 59.5%
Ratha (Ranged) ×119 · Scout Cavalry ×106 · Trade Cart ×67 · Battle Elephant ×62 · Trebuchet (Packed) ×15
Feudal
16:12
Castle
21:47
Imperial
41:49
| APM avg | 15.0 |
| APM peak | 53 |
| eAPM avg | 14.0 |
| Villagers / military | 148 / 170 |
Focus
⚔️ 39.4% · 🌾 60.6%
Camel Archer ×68 · Scout Cavalry ×55 · Spearman ×31 · Trade Cart ×23 · Trebuchet (Packed) ×9 · Battering Ram ×7
Feudal
14:22
Castle
19:59
Imperial
34:35
| APM avg | 17.5 |
| APM peak | 51 |
| eAPM avg | 11.3 |
| Villagers / military | 91 / 40 |
Focus
⚔️ 29.0% · 🌾 71.0%
Spearman ×13 · Archer ×10 · Mangonel ×5 · Scorpion ×4 · Plumed Archer ×4 · Trebuchet (Packed) ×3
Feudal
11:52
Castle
23:14
Imperial
39:35
| APM avg | 5.1 |
| APM peak | 23 |
| eAPM avg | 4.6 |
| Villagers / military | 66 / 36 |
Focus
⚔️ 25.6% · 🌾 74.4%
Camel Scout ×22 · Spearman ×11 · Trebuchet (Packed) ×1 · Scout Cavalry ×1 · Bombard Cannon ×1
Feudal
13:26
Castle
18:09
Imperial
48:23
| APM avg | 18.2 |
| APM peak | 44 |
| eAPM avg | 9.6 |
| Villagers / military | 94 / 60 |
Focus
⚔️ 25.1% · 🌾 74.9%
Leitis ×29 · Scout Cavalry ×18 · Knight ×7 · Genitour ×5 · Battering Ram ×1
Feudal
11:48
Castle
15:20
Imperial
38:46
| APM avg | 22.7 |
| APM peak | 91 |
| eAPM avg | 18.3 |
| Villagers / military | 172 / 239 |
Focus
⚔️ 38.7% · 🌾 61.3%
Eagle Scout ×218 · Trade Cart ×26 · Skirmisher ×8 · Jaguar Warrior ×5 · Monk ×4 · Genitour ×2
Match map
Resources at game start + every placement click. Thick line = wall · dashed box = detected house wall. 🟡 gold · ⚪ stone · 🟢 berries · 🔶 boar · ⭕ relic
Inputs per minute
— DODIDA - - El Changuito Antrax
Build order — DODIDA
First 150 of 327 actions detected
| 0:01 | Create | Villager (Male) |
| 0:02 | Create | Villager (Male) |
| 0:02 | Create | Villager (Male) |
| 0:03 | Build | House |
| 0:04 | Build | House |
| 0:17 | Create | Villager (Male) |
| 0:17 | Create | Villager (Male) |
| 1:06 | Build | House |
| 1:11 | Build | House |
| 2:04 | Create | Villager (Male) |
| 2:05 | Create | Villager (Male) |
| 2:05 | Create | Villager (Male) |
| 2:27 | Create | Villager (Male) |
| 2:28 | Create | Villager (Male) |
| 3:34 | Create | Villager (Male) |
| 3:34 | Create | Villager (Male) |
| 4:03 | Build | House |
| 4:13 | Build | House |
| 4:31 | Create | Villager (Male) |
| 4:31 | Create | Villager (Male) |
| 4:31 | Create | Villager (Male) |
| 4:32 | Create | Villager (Male) |
| 4:32 | Create | Villager (Male) |
| 5:06 | Create | Villager (Male) |
| 5:51 | Create | Villager (Male) |
| 5:57 | Build | Lumber Camp |
| 6:30 | Build | Mill |
| 7:03 | Create | Villager (Male) |
| 7:30 | Build | House |
| 7:34 | Research | Feudal Age |
| 8:02 | Build | Mining Camp |
| 8:30 | Create | Villager (Male) |
| 8:30 | Create | Villager (Male) |
| 9:15 | Build | Mill |
| 9:44 | Age | Feudal Age |
| 10:25 | Create | Villager (Male) |
| 10:55 | Create | Villager (Male) |
| 11:03 | Build | Market |
| 11:50 | Build | Blacksmith |
| 11:53 | Create | Villager (Male) |
| 12:11 | Research | Castle Age |
| 12:27 | Research | Double-Bit Axe |
| 12:47 | Research | Horse Collar |
| 12:58 | Build | Farm |
| 13:06 | Build | Farm |
| 14:30 | Create | Villager (Male) |
| 14:31 | Create | Villager (Male) |
| 14:35 | Build | House |
| 14:37 | Build | House |
| 14:38 | Build | House |
| 14:44 | Build | Farm |
| 14:58 | Age | Castle Age |
| 14:58 | Build | House |
| 15:06 | Build | Town Center |
| 15:15 | Create | Villager (Male) |
| 15:23 | Build | Town Center |
| 15:40 | Build | Farm |
| 16:04 | Build | Farm |
| 16:21 | Create | Villager (Male) ×5 |
| 16:30 | Build | Farm |
| 16:52 | Create | Villager (Male) |
| 16:52 | Create | Villager (Male) |
| 17:00 | Build | Farm |
| 17:38 | Create | Villager (Male) ×4 |
| 18:14 | Research | Bow Saw |
| 18:24 | Research | Heavy Plow |
| 18:35 | Create | Villager (Male) |
| 18:38 | Create | Villager (Male) |
| 19:07 | Create | Villager (Male) |
| 19:31 | Build | Town Center |
| 19:38 | Build | Monastery |
| 19:47 | Create | Villager (Male) ×4 |
| 20:25 | Create | Monk |
| 21:29 | Create | Monk |
| 21:38 | Create | Villager (Male) ×5 |
| 21:39 | Create | Villager (Male) ×5 |
| 21:45 | Build | Farm |
| 21:45 | Build | Farm |
| 21:45 | Build | Farm |
| 21:45 | Build | Farm |
| 21:46 | Build | Farm |
| 21:46 | Build | Farm |
| 21:47 | Build | Farm |
| 21:47 | Build | Farm |
| 21:47 | Build | Farm |
| 21:47 | Build | Farm |
| 21:58 | Build | Lumber Camp |
| 22:06 | Build | House |
| 22:08 | Build | House |
| 22:09 | Build | House |
| 22:16 | Create | Villager (Male) ×2 |
| 22:30 | Build | House |
| 22:39 | Build | House |
| 22:40 | Build | House |
| 23:33 | Build | Barracks |
| 23:40 | Build | House |
| 23:41 | Build | House |
| 23:42 | Build | House |
| 23:43 | Build | House |
| 23:44 | Build | House |
| 23:49 | Create | Monk |
| 23:56 | Create | Villager (Male) ×5 |
| 24:00 | Build | Farm |
| 24:08 | Build | Farm |
| 24:09 | Build | Farm |
| 24:09 | Build | Farm |
| 24:09 | Build | Farm |
| 24:10 | Build | Farm |
| 24:10 | Build | Farm |
| 25:00 | Research | Fletching |
| 25:00 | Research | Padded Archer Armor |
| 25:10 | Create | Villager (Male) ×5 |
| 25:10 | Create | Villager (Male) |
| 25:27 | Build | Town Center |
| 25:34 | Build | Town Center |
| 25:42 | Research | Squires |
| 25:42 | Research | Arson |
| 26:01 | Build | Lumber Camp |
| 26:10 | Create | Villager (Male) ×4 |
| 26:21 | Research | Gold Mining |
| 26:37 | Build | Farm |
| 26:38 | Build | Farm |
| 26:38 | Build | Farm |
| 26:39 | Build | Farm |
| 26:39 | Build | Farm |
| 26:39 | Build | Farm |
| 26:39 | Build | Farm |
| 26:40 | Build | Farm |
| 26:40 | Build | Farm |
| 26:40 | Build | Farm |
| 26:43 | Build | Farm |
| 26:49 | Create | Villager (Male) ×4 |
| 26:59 | Build | Farm |
| 26:59 | Build | Farm |
| 27:00 | Build | Farm |
| 27:00 | Build | Farm |
| 27:00 | Build | Farm |
| 27:00 | Build | Farm |
| 27:01 | Build | Farm |
| 27:01 | Build | Farm |
| 27:01 | Build | Farm |
| 27:02 | Build | Farm |
| 27:02 | Build | Farm |
| 27:18 | Create | Villager (Male) ×4 |
| 28:02 | Build | Siege Workshop |
| 28:04 | Build | Siege Workshop |
| 28:05 | Build | Siege Workshop |
| 28:18 | Build | University |
| 28:43 | Research | Imperial Age |
| 28:48 | Create | Villager (Male) ×4 |
Build order — El Changuito Antrax
First 150 of 156 actions detected
| 0:04 | Build | House |
| 0:09 | Create | Villager (Male) |
| 0:10 | Create | Villager (Male) |
| 0:10 | Create | Villager (Male) |
| 0:10 | Create | Villager (Male) |
| 0:31 | Build | House |
| 1:07 | Build | House |
| 1:37 | Research | Loom |
| 1:52 | Build | Lumber Camp |
| 2:02 | Create | Villager (Male) |
| 3:22 | Create | Villager (Male) |
| 3:22 | Create | Villager (Male) |
| 3:39 | Create | Villager (Male) |
| 4:12 | Create | Villager (Male) |
| 4:35 | Create | Villager (Male) |
| 5:25 | Create | Villager (Male) |
| 5:26 | Create | Villager (Male) |
| 5:45 | Create | Villager (Male) |
| 6:01 | Build | Mill |
| 6:09 | Create | Villager (Male) |
| 6:44 | Create | Villager (Male) |
| 6:44 | Create | Villager (Male) |
| 6:58 | Create | Villager (Male) |
| 7:02 | Build | House |
| 7:54 | Build | Mining Camp |
| 8:34 | Create | Villager (Male) |
| 9:34 | Research | Feudal Age |
| 9:46 | Build | Barracks |
| 10:52 | Build | House |
| 11:33 | Build | Farm |
| 11:44 | Age | Feudal Age |
| 11:47 | Create | Villager (Male) |
| 11:48 | Create | Villager (Male) |
| 11:49 | Create | Villager (Male) |
| 11:51 | Research | Double-Bit Axe |
| 11:56 | Create | Eagle Scout |
| 11:57 | Create | Eagle Scout |
| 11:58 | Create | Eagle Scout |
| 12:11 | Build | Barracks |
| 12:30 | Research | Horse Collar |
| 12:36 | Build | Farm |
| 12:38 | Create | Villager (Male) |
| 12:38 | Create | Villager (Male) |
| 12:38 | Create | Villager (Male) |
| 13:28 | Create | Eagle Scout |
| 13:37 | Build | Blacksmith |
| 13:52 | Create | Villager (Male) |
| 13:58 | Build | Farm |
| 14:06 | Build | Farm |
| 14:22 | Build | House |
| 14:33 | Build | House |
| 14:47 | Create | Eagle Scout |
| 14:54 | Build | House |
| 15:09 | Build | Farm |
| 15:11 | Create | Villager (Male) |
| 15:19 | Create | Eagle Scout |
| 15:28 | Build | Mining Camp |
| 15:45 | Build | Farm |
| 15:57 | Create | Villager (Male) |
| 15:58 | Create | Villager (Male) |
| 15:59 | Create | Villager (Male) |
| 16:28 | Build | Market |
| 16:30 | Create | Villager (Male) |
| 16:31 | Create | Villager (Male) |
| 16:40 | Create | Eagle Scout |
| 16:49 | Create | Eagle Scout |
| 16:58 | Research | Stone Mining |
| 17:01 | Research | Gold Mining |
| 17:12 | Build | House |
| 17:23 | Build | Farm |
| 17:49 | Build | Farm |
| 18:40 | Create | Eagle Scout |
| 18:41 | Create | Eagle Scout |
| 18:41 | Create | Eagle Scout |
| 18:41 | Create | Eagle Scout |
| 18:42 | Create | Eagle Scout |
| 18:42 | Create | Eagle Scout |
| 20:09 | Research | Castle Age |
| 20:12 | Build | Barracks |
| 20:19 | Build | Barracks |
| 20:21 | Research | Man-at-Arms (upgrade) |
| 20:29 | Build | Mining Camp |
| 22:05 | Create | Militia |
| 22:05 | Create | Militia |
| 22:05 | Create | Militia |
| 22:05 | Create | Militia |
| 22:06 | Create | Militia |
| 22:06 | Create | Militia |
| 22:07 | Create | Militia |
| 22:10 | Build | House |
| 22:12 | Build | House |
| 22:16 | Build | Farm |
| 22:21 | Build | Farm |
| 22:24 | Build | Farm |
| 22:28 | Build | House |
| 22:49 | Age | Castle Age |
| 23:02 | Research | Pikeman (upgrade) |
| 23:04 | Create | Spearman |
| 23:04 | Create | Spearman |
| 23:04 | Create | Spearman |
| 23:05 | Create | Spearman |
| 23:05 | Create | Spearman |
| 23:05 | Create | Spearman |
| 23:08 | Build | Siege Workshop |
| 24:16 | Create | Mangonel |
| 24:21 | Create | Spearman |
| 24:21 | Create | Spearman |
| 24:21 | Create | Spearman |
| 24:22 | Create | Spearman |
| 24:22 | Create | Spearman |
| 24:23 | Create | Spearman |
| 24:23 | Create | Spearman |
| 24:28 | Build | House |
| 24:29 | Build | House |
| 24:34 | Build | Barracks |
| 24:38 | Build | Farm |
| 24:39 | Create | Villager (Male) |
| 24:39 | Create | Villager (Male) |
| 24:39 | Create | Villager (Male) |
| 24:39 | Create | Villager (Male) |
| 25:00 | Build | Town Center |
| 25:02 | Create | Villager (Male) |
| 25:03 | Create | Villager (Male) |
| 25:03 | Create | Villager (Male) |
| 25:34 | Create | Spearman |
| 25:34 | Create | Spearman |
| 25:34 | Create | Spearman |
| 25:35 | Create | Spearman |
| 25:35 | Create | Spearman |
| 25:57 | Build | Farm |
| 27:00 | Create | Battering Ram |
| 28:09 | Build | Monastery |
| 28:11 | Create | Militia |
| 28:12 | Create | Militia |
| 28:12 | Create | Militia |
| 28:13 | Create | Militia |
| 28:13 | Create | Militia |
| 28:13 | Create | Militia |
| 28:13 | Create | Militia |
| 28:14 | Create | Militia |
| 28:14 | Create | Militia |
| 28:14 | Create | Militia |
| 28:15 | Create | Militia |
| 28:15 | Create | Militia |
| 28:15 | Create | Militia |
| 28:16 | Create | Militia |
| 28:16 | Create | Militia |
| 29:36 | Build | University |
| 29:50 | Build | Farm |
| 30:06 | Build | Mining Camp |
Build order — llego el lechero
First 150 of 638 actions detected
| 0:01 | Create | Villager (Male) |
| 0:01 | Create | Villager (Male) |
| 0:03 | Build | House |
| 0:04 | Build | House |
| 0:06 | Create | Villager (Male) |
| 0:07 | Create | Villager (Male) |
| 0:07 | Create | Villager (Male) |
| 0:34 | Research | Loom |
| 0:34 | Create | Villager (Male) |
| 0:49 | Create | Villager (Male) |
| 0:49 | Create | Villager (Male) |
| 1:05 | Build | Palisade Wall |
| 1:33 | Create | Villager (Male) |
| 1:33 | Create | Villager (Male) |
| 1:54 | Build | Palisade Wall |
| 2:06 | Build | Palisade Wall |
| 2:14 | Build | Palisade Wall |
| 2:28 | Create | Villager (Male) |
| 2:28 | Create | Villager (Male) |
| 2:52 | Create | Villager (Male) |
| 2:52 | Create | Villager (Male) |
| 3:15 | Create | Villager (Male) |
| 3:15 | Create | Villager (Male) |
| 3:44 | Create | Villager (Male) |
| 3:54 | Build | Palisade Wall |
| 4:15 | Create | Villager (Male) |
| 4:15 | Create | Villager (Male) |
| 4:31 | Build | House |
| 4:35 | Create | Villager (Male) |
| 4:36 | Create | Villager (Male) |
| 5:03 | Build | Lumber Camp |
| 5:23 | Create | Villager (Male) |
| 5:36 | Create | Villager (Male) |
| 6:07 | Create | Villager (Male) |
| 6:07 | Create | Villager (Male) |
| 6:42 | Create | Villager (Male) |
| 7:08 | Create | Villager (Male) |
| 7:20 | Build | Mill |
| 7:32 | Build | House |
| 7:41 | Create | Villager (Male) |
| 8:52 | Research | Feudal Age |
| 8:52 | Research | Feudal Age |
| 9:22 | Build | House |
| 10:12 | Build | Mining Camp |
| 10:55 | Create | Villager (Male) |
| 11:02 | Age | Feudal Age |
| 11:08 | Build | Stone Wall |
| 11:09 | Build | Stone Wall |
| 11:14 | Build | Market |
| 11:22 | Build | Stone Wall |
| 11:28 | Build | Stone Wall |
| 11:39 | Build | Stone Wall |
| 11:40 | Build | Stone Wall |
| 11:42 | Create | Villager (Male) |
| 11:53 | Create | Villager (Male) |
| 12:03 | Build | Blacksmith |
| 12:29 | Create | Villager (Male) |
| 12:59 | Build | Stone Wall |
| 13:04 | Research | Castle Age |
| 13:05 | Research | Castle Age |
| 13:43 | Create | Villager (Male) |
| 13:56 | Build | Outpost |
| 13:59 | Build | Outpost |
| 14:25 | Research | Double-Bit Axe |
| 14:26 | Research | Double-Bit Axe |
| 14:34 | Research | Town Watch |
| 14:34 | Research | Town Watch |
| 15:42 | Create | Villager (Male) |
| 15:44 | Age | Castle Age |
| 15:47 | Build | Town Center |
| 15:57 | Build | Town Center |
| 16:05 | Build | Farm |
| 16:05 | Build | Farm |
| 16:11 | Build | Farm |
| 16:13 | Create | Villager (Male) |
| 16:16 | Build | House |
| 16:24 | Create | Villager (Male) |
| 16:44 | Create | Villager (Male) |
| 16:53 | Build | Stone Wall |
| 17:06 | Build | Farm |
| 17:12 | Build | Farm |
| 17:12 | Build | Farm |
| 17:13 | Build | Farm |
| 17:18 | Create | Villager (Male) |
| 17:18 | Create | Villager (Male) |
| 17:49 | Create | Villager (Male) |
| 17:49 | Create | Villager (Male) |
| 17:53 | Build | Farm |
| 17:54 | Build | Farm |
| 17:55 | Build | Farm |
| 17:56 | Build | Farm |
| 17:58 | Build | Farm |
| 18:08 | Build | Farm |
| 18:16 | Create | Villager (Male) |
| 18:23 | Create | Villager (Male) |
| 18:23 | Create | Villager (Male) |
| 18:33 | Build | Stone Wall |
| 18:35 | Build | Stone Wall |
| 18:46 | Build | Farm |
| 18:48 | Build | Farm |
| 18:49 | Create | Villager (Male) |
| 18:53 | Create | Villager (Male) |
| 18:53 | Create | Villager (Male) |
| 19:10 | Create | Villager (Male) |
| 19:11 | Create | Villager (Male) |
| 19:25 | Create | Villager (Male) |
| 19:33 | Create | Villager (Male) |
| 19:41 | Build | Farm |
| 19:41 | Build | Farm |
| 19:42 | Build | Farm |
| 19:44 | Create | Villager (Male) |
| 19:44 | Create | Villager (Male) |
| 19:58 | Create | Villager (Male) |
| 20:01 | Create | Villager (Male) |
| 20:01 | Create | Villager (Male) |
| 20:10 | Build | House |
| 20:12 | Build | House |
| 20:15 | Create | Villager (Male) |
| 20:18 | Create | Villager (Male) |
| 20:25 | Build | House |
| 20:28 | Research | Wheelbarrow |
| 20:28 | Research | Wheelbarrow |
| 20:34 | Build | House |
| 20:43 | Build | Farm |
| 20:44 | Build | Farm |
| 20:46 | Research | Horse Collar |
| 20:50 | Build | Farm |
| 20:54 | Create | Villager (Male) |
| 20:58 | Create | Villager (Male) |
| 21:01 | Create | Villager (Male) |
| 21:03 | Create | Villager (Male) |
| 21:04 | Create | Villager (Male) |
| 21:20 | Build | Mining Camp |
| 21:21 | Create | Villager (Male) |
| 21:21 | Create | Villager (Male) |
| 21:40 | Create | Villager (Male) |
| 21:41 | Create | Villager (Male) |
| 21:47 | Create | Villager (Male) |
| 21:49 | Build | House |
| 21:50 | Build | House |
| 21:51 | Build | House |
| 21:51 | Build | House |
| 21:55 | Create | Villager (Male) |
| 21:55 | Create | Villager (Male) |
| 21:57 | Research | Gold Mining |
| 21:57 | Research | Gold Mining |
| 22:10 | Create | Villager (Male) |
| 22:31 | Create | Villager (Male) |
| 22:32 | Create | Villager (Male) |
| 22:33 | Create | Villager (Male) |
Build order — jembael
First 150 of 599 actions detected
| 0:25 | Build | House |
| 0:27 | Build | House |
| 0:33 | Build | House |
| 0:35 | Build | House |
| 0:43 | Research | Loom |
| 0:44 | Create | Villager (Male) |
| 0:45 | Create | Villager (Male) |
| 0:45 | Create | Villager (Male) |
| 0:45 | Create | Villager (Male) |
| 0:45 | Create | Villager (Male) |
| 1:33 | Build | Lumber Camp |
| 3:58 | Build | Palisade Wall |
| 4:04 | Create | Villager (Male) |
| 4:05 | Create | Villager (Male) |
| 4:05 | Create | Villager (Male) |
| 5:03 | Build | Building 800 |
| 5:12 | Create | Villager (Male) |
| 5:13 | Create | Villager (Male) |
| 5:13 | Create | Villager (Male) |
| 6:00 | Create | Villager (Male) |
| 6:00 | Create | Villager (Male) |
| 6:23 | Build | House |
| 6:24 | Build | House |
| 6:25 | Build | House |
| 6:27 | Build | House |
| 6:36 | Create | Villager (Male) |
| 6:36 | Create | Villager (Male) |
| 7:20 | Create | Villager (Male) |
| 7:25 | Create | Villager (Male) |
| 7:25 | Create | Villager (Male) |
| 7:58 | Create | Villager (Male) |
| 8:45 | Build | Mill |
| 8:58 | Create | Villager (Male) |
| 8:58 | Create | Villager (Male) |
| 8:59 | Create | Villager (Male) |
| 9:12 | Build | House |
| 9:16 | Build | House |
| 9:17 | Build | House |
| 9:22 | Build | House |
| 9:26 | Build | House |
| 9:29 | Build | House |
| 9:32 | Build | House |
| 10:17 | Create | Villager (Male) |
| 10:17 | Create | Villager (Male) |
| 10:17 | Create | Villager (Male) |
| 10:18 | Create | Villager (Male) |
| 10:18 | Create | Villager (Male) |
| 10:18 | Create | Villager (Male) |
| 10:19 | Create | Villager (Male) |
| 11:08 | Build | Farm |
| 11:08 | Build | Farm |
| 11:09 | Build | Farm |
| 11:09 | Build | Farm |
| 12:32 | Create | Villager (Male) |
| 12:54 | Build | Farm |
| 12:54 | Build | Farm |
| 12:55 | Build | Farm |
| 12:55 | Build | Farm |
| 12:55 | Build | Farm |
| 13:04 | Create | Villager (Male) |
| 13:04 | Create | Villager (Male) |
| 13:46 | Research | Feudal Age |
| 13:56 | Build | Lumber Camp |
| 14:21 | Build | House |
| 14:22 | Build | House |
| 14:25 | Build | House |
| 14:28 | Build | House |
| 14:31 | Build | House |
| 15:31 | Create | Villager (Male) |
| 15:31 | Create | Villager (Male) |
| 15:32 | Create | Villager (Male) |
| 15:32 | Create | Villager (Male) |
| 15:42 | Build | Mining Camp |
| 16:12 | Age | Feudal Age |
| 16:19 | Research | Double-Bit Axe |
| 16:25 | Research | Horse Collar |
| 16:45 | Build | Blacksmith |
| 17:10 | Build | Market |
| 17:14 | Build | Market |
| 17:42 | Create | Villager (Male) |
| 17:42 | Create | Villager (Male) |
| 18:09 | Build | House |
| 18:10 | Build | House |
| 18:42 | Create | Villager (Male) |
| 18:51 | Build | Mining Camp |
| 19:00 | Research | Castle Age |
| 19:02 | Create | Villager (Male) |
| 19:02 | Create | Villager (Male) |
| 19:20 | Build | Barracks |
| 19:35 | Build | Barracks |
| 19:44 | Build | Stone Wall |
| 19:59 | Build | Stone Wall |
| 20:24 | Research | Arson |
| 20:26 | Create | Spearman |
| 20:26 | Create | Spearman |
| 20:26 | Create | Spearman |
| 20:55 | Create | Spearman |
| 20:55 | Create | Spearman |
| 20:55 | Create | Spearman |
| 21:05 | Research | Gold Mining |
| 21:29 | Research | Stone Mining |
| 21:40 | Create | Trade Cart |
| 21:40 | Create | Trade Cart |
| 21:41 | Create | Trade Cart |
| 21:41 | Create | Trade Cart |
| 21:41 | Create | Trade Cart |
| 21:47 | Age | Castle Age |
| 22:24 | Build | Building 673 |
| 22:32 | Create | Villager (Male) |
| 22:32 | Create | Villager (Male) |
| 22:32 | Create | Villager (Male) |
| 22:53 | Create | Spearman |
| 22:53 | Create | Spearman |
| 23:13 | Build | Farm |
| 23:13 | Build | Farm |
| 23:13 | Build | Farm |
| 23:14 | Build | Farm |
| 23:14 | Build | Farm |
| 23:15 | Build | Farm |
| 23:15 | Build | Farm |
| 23:17 | Build | Farm |
| 23:17 | Build | Farm |
| 23:25 | Create | Villager (Male) |
| 24:23 | Build | Town Center |
| 24:33 | Research | Wheelbarrow |
| 24:59 | Build | Farm |
| 25:03 | Create | Villager (Male) |
| 25:03 | Create | Villager (Male) |
| 25:17 | Build | Farm |
| 26:14 | Research | Bow Saw |
| 26:33 | Build | Farm |
| 26:34 | Build | Farm |
| 26:34 | Build | Farm |
| 26:34 | Build | Farm |
| 26:35 | Build | Farm |
| 26:35 | Build | Farm |
| 26:35 | Build | Farm |
| 26:35 | Build | Farm |
| 26:36 | Build | Farm |
| 26:36 | Build | Farm |
| 26:42 | Create | Villager (Male) |
| 26:43 | Create | Villager (Male) |
| 26:43 | Create | Villager (Male) |
| 26:43 | Create | Villager (Male) |
| 26:43 | Create | Villager (Male) |
| 26:50 | Create | Villager (Male) |
| 26:51 | Create | Villager (Male) |
| 26:51 | Create | Villager (Male) |
| 26:51 | Create | Villager (Male) |
| 26:51 | Create | Villager (Male) |
Build order — QUETZALCOATL
First 150 of 232 actions detected
| 0:02 | Research | Loom |
| 0:03 | Create | Villager (Male) |
| 0:03 | Create | Villager (Male) |
| 0:03 | Create | Villager (Male) |
| 0:06 | Build | House |
| 0:11 | Build | House |
| 1:48 | Create | Villager (Male) |
| 2:39 | Create | Villager (Male) |
| 2:39 | Create | Villager (Male) |
| 2:40 | Create | Villager (Male) |
| 2:53 | Build | Lumber Camp |
| 3:11 | Create | Villager (Male) |
| 3:53 | Create | Villager (Male) |
| 3:54 | Create | Villager (Male) |
| 4:34 | Build | Mill |
| 4:53 | Create | Villager (Male) |
| 4:56 | Build | House |
| 5:08 | Create | Villager (Male) |
| 5:49 | Build | House |
| 6:05 | Create | Villager (Male) |
| 6:06 | Create | Villager (Male) |
| 6:06 | Create | Villager (Male) |
| 6:06 | Create | Villager (Male) |
| 6:24 | Build | House |
| 7:32 | Create | Villager (Male) |
| 7:34 | Create | Villager (Male) |
| 7:34 | Create | Villager (Male) |
| 8:34 | Create | Villager (Male) |
| 8:35 | Create | Villager (Male) |
| 8:58 | Create | Villager (Male) |
| 9:42 | Build | Mining Camp |
| 11:13 | Build | Barracks |
| 11:17 | Build | House |
| 11:47 | Create | Villager (Male) |
| 11:47 | Create | Villager (Male) |
| 11:48 | Create | Villager (Male) |
| 11:49 | Create | Villager (Male) |
| 11:49 | Create | Villager (Male) |
| 11:50 | Create | Villager (Male) |
| 12:01 | Research | Feudal Age |
| 12:23 | Build | House |
| 13:46 | Build | Mining Camp |
| 14:08 | Create | Villager (Male) |
| 14:08 | Create | Villager (Male) |
| 14:09 | Create | Villager (Male) |
| 14:09 | Create | Villager (Male) |
| 14:10 | Create | Villager (Male) |
| 14:22 | Age | Feudal Age |
| 14:29 | Build | Market |
| 14:44 | Build | Blacksmith |
| 15:16 | Build | Archery Range |
| 15:19 | Build | Archery Range |
| 15:57 | Build | House |
| 16:00 | Build | House |
| 16:02 | Build | House |
| 16:17 | Build | Farm |
| 16:49 | Build | Palisade Gate |
| 16:54 | Build | House |
| 16:55 | Build | House |
| 17:00 | Create | Archer |
| 17:00 | Create | Archer |
| 17:19 | Research | Castle Age |
| 17:26 | Create | Archer |
| 17:26 | Create | Archer |
| 18:27 | Build | House |
| 18:30 | Build | House |
| 18:39 | Create | Archer |
| 18:39 | Create | Archer |
| 19:00 | Create | Villager (Male) |
| 19:00 | Create | Villager (Male) |
| 19:02 | Create | Villager (Male) |
| 19:02 | Create | Villager (Male) |
| 19:23 | Build | House |
| 19:29 | Build | House |
| 19:30 | Build | House |
| 19:33 | Build | House |
| 19:34 | Build | House |
| 19:44 | Create | Archer |
| 19:44 | Create | Archer |
| 19:59 | Age | Castle Age |
| 20:02 | Create | Villager (Male) |
| 20:12 | Build | Siege Workshop |
| 20:15 | Build | Farm |
| 20:16 | Build | Farm |
| 20:24 | Research | Fletching |
| 20:28 | Build | University |
| 21:13 | Create | Scorpion |
| 21:15 | Create | Scorpion |
| 21:24 | Research | Bodkin Arrow |
| 21:27 | Create | Archer |
| 21:27 | Create | Archer |
| 21:45 | Build | House |
| 22:07 | Create | Villager (Male) |
| 22:09 | Create | Villager (Male) |
| 22:09 | Create | Villager (Male) |
| 22:12 | Build | Farm |
| 22:14 | Build | Farm |
| 22:15 | Build | Farm |
| 22:19 | Create | Scorpion |
| 22:26 | Create | Spearman |
| 22:26 | Create | Spearman |
| 22:50 | Build | Castle |
| 22:59 | Research | Ballistics |
| 23:19 | Create | Scorpion |
| 23:25 | Create | Spearman |
| 23:27 | Create | Spearman |
| 23:54 | Create | Battering Ram |
| 25:00 | Build | Town Center |
| 25:06 | Create | Villager (Male) |
| 25:07 | Create | Villager (Male) |
| 25:07 | Create | Villager (Male) |
| 25:07 | Create | Villager (Male) |
| 25:11 | Build | Farm |
| 25:12 | Build | Farm |
| 25:22 | Build | Mill |
| 25:30 | Build | Farm |
| 25:30 | Build | Farm |
| 25:30 | Build | Farm |
| 25:31 | Build | Farm |
| 25:31 | Build | Farm |
| 25:31 | Build | Farm |
| 25:32 | Build | Farm |
| 25:32 | Build | Farm |
| 25:32 | Build | Farm |
| 25:33 | Build | Farm |
| 25:33 | Build | Farm |
| 25:33 | Build | Farm |
| 25:33 | Build | Farm |
| 25:34 | Build | Farm |
| 25:34 | Build | Farm |
| 25:48 | Build | Farm |
| 25:50 | Build | Farm |
| 25:53 | Create | Villager (Male) |
| 25:53 | Create | Villager (Male) |
| 26:44 | Create | Villager (Male) |
| 26:45 | Create | Villager (Male) |
| 27:37 | Research | Crossbowman (upgrade) |
| 27:53 | Research | Thumb Ring |
| 29:15 | Create | Mangonel |
| 29:57 | Build | Farm |
| 31:25 | Research | Imperial Age |
| 31:26 | Research | Town Watch |
| 31:32 | Build | Farm |
| 32:12 | Create | Villager (Male) |
| 32:13 | Create | Villager (Male) |
| 32:14 | Create | Villager (Male) |
| 32:14 | Create | Villager (Male) |
| 32:21 | Build | Town Center |
| 32:38 | Create | Mangonel |
| 33:33 | Build | Siege Workshop |
Build order — nirvan25
First 150 of 200 actions detected
| 0:14 | Create | Villager (Male) |
| 0:15 | Create | Villager (Male) |
| 0:15 | Create | Villager (Male) |
| 0:15 | Create | Villager (Male) |
| 0:15 | Create | Villager (Male) |
| 0:23 | Build | House |
| 0:24 | Build | House |
| 2:14 | Create | Villager (Male) |
| 2:52 | Create | Villager (Male) |
| 4:28 | Create | Villager (Male) |
| 5:27 | Create | Villager (Male) |
| 5:58 | Build | Mill |
| 6:05 | Create | Villager (Male) |
| 6:42 | Create | Villager (Male) |
| 7:48 | Create | Villager (Male) |
| 8:25 | Create | Villager (Male) |
| 8:34 | Build | House |
| 8:48 | Build | Lumber Camp |
| 9:05 | Research | Loom |
| 9:42 | Research | Feudal Age |
| 10:20 | Build | Farm |
| 10:23 | Build | Farm |
| 10:24 | Build | Farm |
| 10:26 | Build | Farm |
| 10:29 | Build | Farm |
| 11:50 | Build | Mill |
| 11:52 | Age | Feudal Age |
| 11:57 | Create | Villager (Male) |
| 12:26 | Create | Villager (Male) |
| 12:31 | Create | Villager (Male) |
| 12:48 | Build | Mining Camp |
| 13:12 | Research | Wheelbarrow |
| 13:38 | Research | Double-Bit Axe |
| 13:47 | Research | Horse Collar |
| 14:32 | Create | Villager (Male) |
| 14:49 | Build | Lumber Camp |
| 15:02 | Research | Town Watch |
| 15:18 | Create | Villager (Male) |
| 15:31 | Create | Villager (Male) |
| 15:37 | Create | Villager (Male) |
| 15:57 | Build | House |
| 15:59 | Build | House |
| 16:01 | Build | House |
| 16:03 | Build | House |
| 16:27 | Research | Gold Mining |
| 17:15 | Create | Villager (Male) |
| 17:16 | Create | Villager (Male) |
| 18:08 | Build | Blacksmith |
| 18:19 | Create | Villager (Male) |
| 19:12 | Build | Market |
| 19:22 | Create | Villager (Male) |
| 19:56 | Create | Villager (Male) |
| 20:34 | Research | Castle Age |
| 21:04 | Build | Barracks |
| 21:43 | Build | Lumber Camp |
| 22:16 | Build | Mining Camp |
| 22:47 | Build | Stable |
| 23:14 | Age | Castle Age |
| 23:48 | Build | Town Center |
| 23:53 | Create | Villager (Male) |
| 23:56 | Create | Villager (Male) |
| 24:11 | Build | Lumber Camp |
| 24:16 | Research | Bow Saw |
| 24:54 | Create | Villager (Male) |
| 25:26 | Build | Farm |
| 25:28 | Build | Farm |
| 25:29 | Build | Farm |
| 26:30 | Create | Villager (Male) |
| 26:30 | Create | Villager (Male) |
| 26:31 | Create | Villager (Male) |
| 26:36 | Create | Villager (Male) |
| 26:37 | Create | Villager (Male) |
| 26:37 | Create | Villager (Male) |
| 26:38 | Create | Villager (Male) |
| 27:00 | Build | Lumber Camp |
| 27:16 | Research | Stone Mining |
| 27:42 | Build | Town Center |
| 27:48 | Research | Bloodlines |
| 28:29 | Build | Farm |
| 28:34 | Create | Villager (Male) |
| 28:35 | Create | Villager (Male) |
| 28:35 | Create | Villager (Male) |
| 29:17 | Create | Camel Scout |
| 29:18 | Create | Camel Scout |
| 29:35 | Build | Farm |
| 29:37 | Build | Farm |
| 29:48 | Create | Villager (Male) |
| 29:49 | Create | Villager (Male) |
| 29:59 | Create | Villager (Male) |
| 30:15 | Build | Mining Camp |
| 30:22 | Create | Villager (Male) |
| 30:31 | Build | Farm |
| 30:36 | Build | Farm |
| 30:53 | Build | Farm |
| 31:23 | Create | Camel Scout |
| 31:24 | Create | Camel Scout |
| 31:39 | Build | Farm |
| 31:54 | Build | Lumber Camp |
| 32:01 | Research | Heavy Plow |
| 32:09 | Create | Villager (Male) |
| 32:11 | Create | Villager (Male) |
| 32:27 | Research | Gold Shaft Mining |
| 32:47 | Build | Castle |
| 32:55 | Create | Villager (Male) |
| 32:55 | Create | Villager (Male) |
| 32:56 | Create | Villager (Male) |
| 33:06 | Build | House |
| 33:08 | Build | House |
| 33:10 | Build | House |
| 33:12 | Build | House |
| 33:54 | Research | Husbandry |
| 34:31 | Build | Mining Camp |
| 35:25 | Build | Farm |
| 35:27 | Build | Farm |
| 35:31 | Create | Villager (Male) |
| 35:33 | Create | Villager (Male) |
| 35:46 | Build | Mining Camp |
| 35:56 | Research | Stone Shaft Mining |
| 36:13 | Build | Farm |
| 36:25 | Research | Imperial Age |
| 36:41 | Build | University |
| 36:46 | Build | University |
| 37:17 | Research | Forging |
| 37:21 | Research | Scale Barding Armor |
| 37:29 | Research | Caravan |
| 37:55 | Build | Town Center |
| 38:28 | Build | Siege Workshop |
| 38:30 | Build | Siege Workshop |
| 39:35 | Age | Imperial Age |
| 39:53 | Create | Trebuchet (Packed) |
| 40:00 | Research | Heavy Camel Rider (upgrade) |
| 40:22 | Research | Chemistry |
| 40:37 | Create | Villager (Male) |
| 40:37 | Create | Villager (Male) |
| 40:38 | Create | Villager (Male) |
| 40:38 | Create | Villager (Male) |
| 40:39 | Create | Villager (Male) |
| 40:45 | Create | Villager (Male) |
| 40:45 | Create | Villager (Male) |
| 40:46 | Create | Villager (Male) |
| 40:46 | Create | Villager (Male) |
| 40:46 | Create | Villager (Male) |
| 40:47 | Create | Villager (Male) |
| 40:59 | Create | Villager (Male) |
| 41:00 | Create | Villager (Male) |
| 41:01 | Create | Villager (Male) |
| 41:17 | Build | Farm |
| 41:39 | Research | Hand Cart |
| 42:06 | Research | Chain Barding Armor |
| 42:18 | Build | Farm |
Build order — Master Bater
First 150 of 292 actions detected
| 0:10 | Build | House |
| 0:10 | Create | Villager (Male) |
| 0:11 | Create | Villager (Male) |
| 0:11 | Create | Villager (Male) |
| 0:11 | Create | Villager (Male) |
| 0:12 | Create | Villager (Male) |
| 0:12 | Create | Villager (Male) |
| 0:15 | Build | House |
| 0:50 | Research | Loom |
| 1:54 | Create | Villager (Male) |
| 3:01 | Build | House |
| 3:05 | Build | Palisade Wall |
| 3:40 | Build | Palisade Wall |
| 3:52 | Create | Villager (Male) |
| 3:53 | Create | Villager (Male) |
| 3:53 | Create | Villager (Male) |
| 4:28 | Create | Villager (Male) |
| 4:35 | Build | House |
| 4:37 | Build | House |
| 4:38 | Build | House |
| 4:40 | Build | House |
| 5:10 | Create | Villager (Male) |
| 5:43 | Create | Villager (Male) |
| 5:44 | Create | Villager (Male) |
| 6:47 | Create | Villager (Male) |
| 6:55 | Build | Lumber Camp |
| 7:08 | Create | Villager (Male) |
| 7:54 | Create | Villager (Male) |
| 7:55 | Create | Villager (Male) |
| 8:44 | Build | Palisade Wall |
| 8:49 | Create | Villager (Male) |
| 9:23 | Build | Mill |
| 9:45 | Create | Villager (Male) |
| 10:13 | Build | Outpost |
| 10:28 | Create | Villager (Male) |
| 10:44 | Build | Mining Camp |
| 11:11 | Build | Palisade Wall |
| 11:16 | Research | Feudal Age |
| 11:26 | Build | Mill |
| 13:26 | Age | Feudal Age |
| 13:37 | Build | Stone Wall |
| 13:42 | Create | Villager (Male) |
| 13:42 | Create | Villager (Male) |
| 13:50 | Build | Market |
| 14:36 | Create | Villager (Male) |
| 14:50 | Build | Blacksmith |
| 15:29 | Research | Castle Age |
| 16:15 | Create | Villager (Male) |
| 16:24 | Build | Farm |
| 16:27 | Build | Farm |
| 16:30 | Build | Farm |
| 16:34 | Build | Farm |
| 16:36 | Build | Farm |
| 16:39 | Build | Farm |
| 16:43 | Build | Farm |
| 16:50 | Build | Watch Tower |
| 16:55 | Research | Fletching |
| 16:59 | Build | Farm |
| 17:05 | Build | Farm |
| 17:48 | Research | Horse Collar |
| 17:51 | Research | Double-Bit Axe |
| 17:53 | Create | Villager (Male) |
| 18:09 | Age | Castle Age |
| 18:39 | Research | Bodkin Arrow |
| 18:44 | Build | Farm |
| 18:47 | Build | Farm |
| 19:08 | Create | Villager (Male) |
| 19:10 | Create | Villager (Male) |
| 19:19 | Build | Mining Camp |
| 20:05 | Build | Barracks |
| 20:39 | Build | Stable |
| 20:45 | Research | Forging |
| 21:26 | Create | Knight |
| 21:27 | Create | Knight |
| 22:01 | Build | Lumber Camp |
| 23:31 | Create | Knight |
| 24:54 | Create | Knight |
| 24:57 | Create | Knight |
| 25:23 | Build | Mining Camp |
| 26:00 | Build | Town Center |
| 26:02 | Create | Villager (Male) |
| 26:02 | Create | Villager (Male) |
| 26:02 | Create | Villager (Male) |
| 26:03 | Create | Villager (Male) |
| 26:03 | Create | Villager (Male) |
| 26:12 | Create | Villager (Male) |
| 27:50 | Build | Mining Camp |
| 28:21 | Create | Knight |
| 28:43 | Build | Town Center |
| 29:32 | Create | Knight |
| 30:16 | Build | Archery Range |
| 30:24 | Build | Archery Range |
| 31:03 | Create | Villager (Male) |
| 31:03 | Create | Villager (Male) |
| 31:03 | Create | Villager (Male) |
| 31:03 | Create | Villager (Male) |
| 31:31 | Create | Villager (Male) |
| 31:41 | Create | Villager (Male) |
| 31:46 | Build | House |
| 31:47 | Build | House |
| 31:48 | Build | House |
| 31:48 | Build | House |
| 31:48 | Build | House |
| 31:48 | Build | House |
| 31:49 | Build | House |
| 31:53 | Build | House |
| 31:58 | Create | Villager (Male) |
| 32:04 | Research | Town Watch |
| 32:15 | Create | Genitour |
| 32:15 | Create | Genitour |
| 32:17 | Create | Genitour |
| 32:21 | Create | Genitour |
| 32:21 | Create | Genitour |
| 32:51 | Build | Farm |
| 32:54 | Build | Farm |
| 33:42 | Create | Villager (Male) |
| 33:43 | Create | Villager (Male) |
| 33:46 | Research | Wheelbarrow |
| 33:56 | Build | Farm |
| 33:57 | Build | Farm |
| 33:57 | Build | Farm |
| 33:57 | Build | Farm |
| 35:07 | Create | Villager (Male) |
| 35:08 | Create | Villager (Male) |
| 35:08 | Create | Villager (Male) |
| 35:32 | Build | Town Center |
| 36:01 | Create | Villager (Male) |
| 36:01 | Create | Villager (Male) |
| 36:03 | Create | Villager (Male) |
| 36:09 | Build | Farm |
| 36:13 | Build | Farm |
| 36:53 | Create | Villager (Male) |
| 36:54 | Create | Villager (Male) |
| 36:54 | Create | Villager (Male) |
| 36:55 | Create | Villager (Male) |
| 36:59 | Create | Villager (Male) |
| 37:00 | Create | Villager (Male) |
| 37:03 | Create | Villager (Male) |
| 37:57 | Build | Town Center |
| 38:15 | Create | Villager (Male) |
| 38:15 | Create | Villager (Male) |
| 38:16 | Create | Villager (Male) |
| 38:16 | Create | Villager (Male) |
| 38:21 | Build | Farm |
| 38:32 | Build | House |
| 38:32 | Build | House |
| 38:33 | Build | House |
| 38:33 | Build | House |
| 38:34 | Build | House |
| 38:34 | Build | House |
Build order — ELON WUSK
First 150 of 729 actions detected
| 0:02 | Create | Villager (Male) |
| 0:02 | Create | Villager (Male) |
| 0:04 | Build | House |
| 0:05 | Build | House |
| 0:52 | Create | Villager (Male) |
| 0:53 | Create | Villager (Male) |
| 1:22 | Create | Villager (Male) |
| 2:02 | Build | Lumber Camp |
| 2:08 | Create | Villager (Male) |
| 2:14 | Create | Villager (Male) |
| 2:14 | Create | Villager (Male) |
| 2:56 | Create | Villager (Male) |
| 3:09 | Create | Villager (Male) |
| 3:42 | Create | Villager (Male) |
| 3:42 | Create | Villager (Male) |
| 3:52 | Build | House |
| 3:57 | Build | House |
| 4:02 | Create | Villager (Male) |
| 4:02 | Create | Villager (Male) |
| 4:28 | Create | Villager (Male) |
| 4:43 | Create | Villager (Male) |
| 5:15 | Create | Villager (Male) |
| 5:16 | Create | Villager (Male) |
| 5:19 | Build | Mill |
| 5:53 | Create | Villager (Male) |
| 6:14 | Create | Villager (Male) |
| 6:31 | Create | Villager (Male) |
| 6:47 | Build | Mining Camp |
| 6:51 | Build | Mining Camp |
| 6:55 | Create | Villager (Male) |
| 7:15 | Build | House |
| 7:16 | Build | House |
| 7:18 | Create | Villager (Male) |
| 7:41 | Build | Mill |
| 7:54 | Create | Villager (Male) |
| 8:25 | Create | Villager (Male) |
| 8:54 | Research | Loom |
| 8:54 | Research | Feudal Age |
| 9:33 | Build | Lumber Camp |
| 9:34 | Create | Villager (Male) |
| 9:35 | Create | Villager (Male) |
| 11:48 | Age | Feudal Age |
| 11:50 | Build | Market |
| 11:53 | Build | Blacksmith |
| 12:40 | Research | Castle Age |
| 12:40 | Research | Castle Age |
| 12:52 | Build | Farm |
| 12:52 | Research | Horse Collar |
| 12:56 | Research | Double-Bit Axe |
| 13:16 | Build | Farm |
| 13:18 | Build | Farm |
| 13:34 | Build | Farm |
| 13:43 | Build | Farm |
| 13:51 | Research | Gold Mining |
| 14:03 | Build | Farm |
| 14:15 | Build | Farm |
| 14:21 | Create | Villager (Male) |
| 14:21 | Create | Villager (Male) |
| 14:26 | Build | Farm |
| 14:37 | Build | Farm |
| 14:49 | Build | Farm |
| 15:02 | Build | Farm |
| 15:11 | Build | Farm |
| 15:20 | Age | Castle Age |
| 15:37 | Build | Monastery |
| 15:55 | Research | Bow Saw |
| 16:11 | Create | Monk |
| 16:25 | Create | Villager (Male) |
| 16:26 | Create | Villager (Male) |
| 16:30 | Build | Farm |
| 16:32 | Build | Farm |
| 16:41 | Create | Villager (Male) |
| 16:56 | Create | Monk |
| 17:17 | Build | House |
| 17:21 | Build | House |
| 17:28 | Create | Villager (Male) |
| 17:42 | Create | Monk |
| 18:08 | Create | Villager (Male) |
| 18:15 | Build | Farm |
| 18:21 | Build | Farm |
| 18:25 | Create | Villager (Male) |
| 18:29 | Build | Farm |
| 18:33 | Research | Fervor |
| 18:43 | Create | Villager (Male) |
| 18:48 | Build | Farm |
| 18:54 | Build | Farm |
| 19:09 | Build | Farm |
| 19:12 | Create | Villager (Male) |
| 19:34 | Build | House |
| 19:36 | Build | House |
| 19:38 | Build | House |
| 19:41 | Build | House |
| 19:43 | Create | Villager (Male) |
| 20:16 | Create | Monk |
| 20:25 | Create | Villager (Male) |
| 20:25 | Create | Villager (Male) |
| 20:43 | Research | Wheelbarrow |
| 21:09 | Create | Villager (Male) |
| 21:09 | Create | Villager (Male) |
| 21:35 | Create | Villager (Male) |
| 21:56 | Build | Farm |
| 22:07 | Build | Town Center |
| 22:09 | Create | Villager (Male) |
| 22:21 | Build | Town Center |
| 22:29 | Research | Hand Cart |
| 22:29 | Create | Villager (Male) |
| 22:30 | Create | Villager (Male) |
| 23:31 | Create | Villager (Male) |
| 23:31 | Create | Villager (Male) |
| 23:38 | Create | Villager (Male) |
| 23:38 | Create | Villager (Male) |
| 23:38 | Create | Villager (Male) |
| 23:38 | Create | Villager (Male) |
| 23:47 | Build | Mining Camp |
| 23:51 | Create | Villager (Male) |
| 23:55 | Create | Villager (Male) |
| 23:55 | Create | Villager (Male) |
| 23:55 | Create | Villager (Male) |
| 24:15 | Research | Stone Mining |
| 24:15 | Research | Gold Shaft Mining |
| 24:17 | Create | Villager (Male) |
| 24:17 | Create | Villager (Male) |
| 24:38 | Build | Farm |
| 24:38 | Build | Farm |
| 24:44 | Create | Villager (Male) |
| 24:44 | Create | Villager (Male) |
| 24:45 | Create | Villager (Male) |
| 24:53 | Research | Stone Shaft Mining |
| 25:11 | Create | Villager (Male) |
| 25:14 | Build | Farm |
| 25:18 | Build | Mining Camp |
| 25:22 | Create | Villager (Male) |
| 25:23 | Create | Villager (Male) |
| 25:24 | Create | Villager (Male) |
| 25:24 | Create | Villager (Male) |
| 25:25 | Create | Villager (Male) |
| 25:25 | Create | Villager (Male) |
| 25:55 | Build | Town Center |
| 25:59 | Create | Villager (Male) |
| 26:01 | Create | Villager (Male) |
| 26:01 | Create | Villager (Male) |
| 26:02 | Create | Villager (Male) |
| 26:03 | Create | Villager (Male) |
| 26:03 | Create | Villager (Male) |
| 26:04 | Create | Villager (Male) |
| 26:04 | Create | Villager (Male) |
| 26:11 | Build | Town Center |
| 26:22 | Build | Farm |
| 26:22 | Build | Farm |
| 26:22 | Build | Farm |
Match timeline
| 1:05 | llego el lechero · wall_segment Palisade Wall x8 |
| 1:54 | llego el lechero · wall_segment Palisade Wall x7 |
| 2:06 | llego el lechero · wall_segment Palisade Wall x6 |
| 2:14 | llego el lechero · wall_segment Palisade Wall x10 |
| 3:05 | Master Bater · wall_segment Palisade Wall x9 |
| 3:40 | Master Bater · wall_segment Palisade Wall x11 |
| 3:54 | llego el lechero · wall_segment Palisade Wall x5 |
| 3:58 | jembael · wall_segment Palisade Wall x9 |
| 8:44 | Master Bater · wall_segment Palisade Wall x6 |
| 9:44 | DODIDA · age_up feudal |
| 9:46 | El Changuito Antrax · first_building Barracks |
| 11:02 | llego el lechero · age_up feudal |
| 11:08 | llego el lechero · wall_segment Stone Wall x1 |
| 11:09 | llego el lechero · wall_segment Stone Wall x1 |
| 11:11 | Master Bater · wall_segment Palisade Wall x1 |
| 11:13 | QUETZALCOATL · first_building Barracks |
| 11:22 | llego el lechero · wall_segment Stone Wall x7 |
| 11:28 | llego el lechero · wall_segment Stone Wall x10 |
| 11:39 | llego el lechero · wall_segment Stone Wall x6 |
| 11:40 | llego el lechero · wall_segment Stone Wall x1 |
| 11:44 | El Changuito Antrax · age_up feudal |
| 11:48 | ELON WUSK · age_up feudal |
| 11:52 | nirvan25 · age_up feudal |
| 12:25 | llego el lechero · first_market_sell 100 stone |
| 12:59 | llego el lechero · wall_segment Stone Wall x6 |
| 13:26 | Master Bater · age_up feudal |
| 13:37 | Master Bater · wall_segment Stone Wall x13 |
| 14:22 | QUETZALCOATL · age_up feudal |
| 14:58 | DODIDA · age_up castle |
| 15:16 | QUETZALCOATL · first_building Archery Range |
| 15:20 | ELON WUSK · age_up castle |
| 15:23 | ELON WUSK · first_market_buy 100 wood |
| 15:37 | ELON WUSK · first_building Monastery |
| 15:44 | llego el lechero · age_up castle |
| 16:12 | jembael · age_up feudal |
| 16:53 | llego el lechero · wall_segment Stone Wall x7 |
| 18:09 | Master Bater · age_up castle |
| 18:33 | llego el lechero · wall_segment Stone Wall x2 |
| 18:35 | llego el lechero · wall_segment Stone Wall x7 |
| 19:20 | jembael · first_building Barracks |
| 19:38 | DODIDA · first_building Monastery |
| 19:44 | jembael · wall_segment Stone Wall x9 |
| 19:59 | jembael · wall_segment Stone Wall x16 |
| 19:59 | QUETZALCOATL · age_up castle |
| 20:00 | Master Bater · first_market_buy 100 wood |
| 20:05 | Master Bater · first_building Barracks |
| 20:12 | QUETZALCOATL · first_building Siege Workshop |
| 20:27 | Master Bater · first_market_sell 100 wood |
| 20:39 | Master Bater · first_building Stable |
| 21:04 | nirvan25 · first_building Barracks |
| 21:06 | DODIDA · tribute_sent a jugador 1 |
| 21:06 | DODIDA · tribute_sent a jugador 2 |
| 21:06 | DODIDA · tribute_sent a jugador 3 |
| 21:06 | DODIDA · tribute_sent a jugador 4 |
| 21:06 | DODIDA · tribute_sent a jugador 5 |
| 21:06 | DODIDA · tribute_sent a jugador 6 |
| 21:06 | DODIDA · tribute_sent a jugador 7 |
| 21:47 | jembael · age_up castle |
| 22:47 | nirvan25 · first_building Stable |
| 22:49 | El Changuito Antrax · age_up castle |
| 22:50 | QUETZALCOATL · first_building Castle |
| 23:08 | El Changuito Antrax · first_building Siege Workshop |
| 23:14 | nirvan25 · age_up castle |
| 23:33 | DODIDA · first_building Barracks |
| 24:26 | llego el lechero · first_building Castle |
| 24:39 | llego el lechero · first_market_buy 500 food |
| 27:12 | llego el lechero · wall_segment Stone Wall x3 |
| 27:31 | QUETZALCOATL · first_market_buy 100 food |
| 27:33 | jembael · first_building Castle |
| 28:02 | DODIDA · first_building Siege Workshop |
| 28:09 | El Changuito Antrax · first_building Monastery |
| 28:32 | DODIDA · first_market_buy 100 food |
| 29:23 | llego el lechero · first_building Barracks |
| 29:28 | llego el lechero · age_up imperial |
| 29:43 | DODIDA · tribute_sent a jugador 1 |
| 29:43 | DODIDA · tribute_sent a jugador 2 |
| 29:43 | DODIDA · tribute_sent a jugador 3 |
| 29:43 | DODIDA · tribute_sent a jugador 4 |
| 29:43 | DODIDA · tribute_sent a jugador 5 |
| 29:43 | DODIDA · tribute_sent a jugador 6 |
| 29:43 | DODIDA · tribute_sent a jugador 7 |
| 30:16 | Master Bater · first_building Archery Range |
| 30:46 | El Changuito Antrax · resign |
| 30:53 | ELON WUSK · first_building Barracks |
| 31:53 | DODIDA · age_up imperial |
| 32:47 | nirvan25 · first_building Castle |
| 33:08 | ELON WUSK · first_building Castle |
| 33:24 | jembael · first_building Stable |
| 34:35 | QUETZALCOATL · age_up imperial |
| 34:42 | ELON WUSK · first_building Archery Range |
| 35:40 | QUETZALCOATL · first_building Monastery |
| 35:47 | DODIDA · tribute_sent a jugador 1 |
| 35:47 | DODIDA · tribute_sent a jugador 2 |
| 35:47 | DODIDA · tribute_sent a jugador 3 |
| 35:47 | DODIDA · tribute_sent a jugador 4 |
| 35:47 | DODIDA · tribute_sent a jugador 5 |
| 35:47 | DODIDA · tribute_sent a jugador 6 |
| 35:47 | DODIDA · tribute_sent a jugador 7 |
| 35:56 | DODIDA · tribute_sent a jugador 1 |
| 35:56 | DODIDA · tribute_sent a jugador 2 |
| 35:56 | DODIDA · tribute_sent a jugador 3 |
| 35:56 | DODIDA · tribute_sent a jugador 4 |
| 35:56 | DODIDA · tribute_sent a jugador 5 |
| 35:56 | DODIDA · tribute_sent a jugador 6 |
| 35:56 | DODIDA · tribute_sent a jugador 7 |
| 36:46 | jembael · first_building Archery Range |
| 36:48 | llego el lechero · first_building Monastery |
| 37:52 | llego el lechero · first_building Siege Workshop |
| 38:28 | nirvan25 · first_building Siege Workshop |
| 38:46 | ELON WUSK · age_up imperial |
| 39:10 | llego el lechero · first_building Stable |
| 39:11 | DODIDA · tribute_sent a jugador 1 |
| 39:11 | DODIDA · tribute_sent a jugador 2 |
| 39:11 | DODIDA · tribute_sent a jugador 3 |
| 39:11 | DODIDA · tribute_sent a jugador 4 |
| 39:11 | DODIDA · tribute_sent a jugador 5 |
| 39:11 | DODIDA · tribute_sent a jugador 6 |
| 39:11 | DODIDA · tribute_sent a jugador 7 |
| 39:33 | llego el lechero · first_building Archery Range |
| 39:35 | nirvan25 · age_up imperial |
| 40:43 | Master Bater · wall_segment Stone Wall x12 |
| 40:57 | DODIDA · wall_segment Stone Wall x7 |
| 41:27 | jembael · first_building Siege Workshop |
| 41:49 | jembael · age_up imperial |
| 42:42 | Master Bater · first_building Castle |
| 44:01 | Master Bater · wall_segment Stone Wall x4 |
| 45:10 | DODIDA · first_building Castle |
| 46:41 | Master Bater · wall_segment Stone Wall x6 |
| 48:22 | DODIDA · first_building Archery Range |
| 48:23 | Master Bater · age_up imperial |
| 49:04 | Master Bater · first_building Siege Workshop |
| 49:13 | DODIDA · first_market_sell 500 food |
| 49:26 | jembael · first_building Monastery |
| 49:42 | ELON WUSK · first_building Siege Workshop |
[ AI ANALYSIS · 1 CREDIT ]
What really happened in this match?
Wolo.gg analyzes every decision: build order, eco, micro, common mistakes by bracket. Personalized analysis on WhatsApp or Discord in 30 seconds.
Civ guide
Italians
Map guide
Black Forest
Perfil
Jugador #4222670